 Dungeon Crawl Stone Soup version 0.26-a0-661-g406de6ba63 (console) character file.

Game seed: 10532620634739916094

2200 jejorda2 the Cleaver (level 9, -5/75 HPs)
             Began as a Minotaur Berserker on Oct 8, 2020.
             Was a High Priest of Trog.
             Slain by a sky beast (6 damage)
             ... on level 8 of the Dungeon.
             The game lasted 00:12:25 (6126 turns).

jejorda2 the Cleaver (Minotaur Berserker)           Turns: 6126, Time: 00:12:25

Health: -5/75      AC: 13    Str: 25    XL:     9   Next: 12%
Magic:  8/8        EV:  8    Int:  4    God:    Trog [*****.]
Gold:   392        SH:  0    Dex: 10    Spells: 8/8 levels left

rFire    . . .     SeeInvis .   a - +1 hand axe
rCold    . . .     Faith    .   (no shield)
rNeg     . . .     Spirit   .   o - +1 plate armour
rPois    +         Reflect  .   (helmet restricted)
rElec    .         Harm     .   (no cloak)
rCorr    .         Rampage  .   (no gloves)
MR       .....                  (no boots)
Stlth    ..........             (no amulet)
HPRegen  0.22/turn              g - ring of poison resistance
MPRegen  0.11/turn              (no ring)

@: berserk cooldown, slowed, very slow
A: retaliatory headbutt, horns 2
a: Berserk, Trog's Hand, Brothers in Arms, Renounce Religion


You were on level 8 of the Dungeon.
You worshipped Trog.
Trog was extremely pleased with you.
You visited 1 branch of the dungeon, and saw 8 of its levels.

You collected 392 gold pieces.

Inventory:

Hand Weapons
 a - a +1 hand axe (weapon)
 s - a +0 flail
Missiles
 c - 3 curare-tipped darts (quivered)
 m - 6 javelins
Armour
 o - a +1 plate armour (worn)
Jewellery
 g - a ring of poison resistance (left hand)
Wands
 i - a wand of digging (5)
 q - a wand of flame (21)
 r - a wand of disintegration (14)
Scrolls
 b - a scroll of fog
 e - 2 scrolls of identify
 f - a scroll of fear
 h - 2 scrolls of enchant weapon
 k - 4 scrolls of remove curse
 n - 5 scrolls of teleportation
Potions
 d - 2 potions of mutation
 j - a potion of heal wounds {unknown}
 l - 4 potions of curing
 p - a potion of lignification


   Skills:
 - Level 6.0 Fighting
 * Level 12.1 Axes
 - Level 6.0 Armour
 - Level 2.1 Dodging
 + Level 2.5 Evocations


You had 8 spell levels left.
You didn't know any spells.
Your spell library was empty.

Dungeon Overview and Level Annotations

Branches:
Dungeon (8/15)             Temple (0/1) D:4
   Lair: D:8-11

Altars:
Okawaru
Yredelemnul


Innate Abilities, Weirdness & Mutations

You reflexively headbutt those who attack you in melee.
You have a pair of horns on your head.


Message History

The orc warrior shouts!
You hear a shout!
You feel a strong urge to attack something.
The sky beast hits you but does no damage.
You barely miss the sky beast. You headbutt the sky beast!!
The sky beast is severely wounded.
You completely miss the sky beast.
The sky beast is severely wounded.
The orc priest calls down the wrath of Beogh upon you.
Beogh smites you!
* * * LOW HITPOINT WARNING * * *
You barely miss the sky beast.
The sky beast is severely wounded.
You are no longer berserk.
You are exhausted.
You feel yourself slow down.
The sky beast flickers out of sight!
Deactivating autopickup; reactivate with Ctrl-A.
Something hits you.
* * * LOW HITPOINT WARNING * * *
Something shocks you.
You die...

................
..............$#..#..
.............#.#.## .
...(......oo##...#
............# #
..........#.# .###
.......##...##.....
........)..[...#.#
.......<@.....$..#
........{#.........
...................
......####.##......
.....# #.# ...>..
..... ... ...... ####
#### ..... .....


You could see an orc warrior and an orc priest.

Vanquished Creatures
  A steam dragon (D:8)
  Duvessa (D:5)
  2 orc warriors
  A hornet zombie (D:8)
  An ice beast (D:7)
  A sky beast (D:5)
  A phantom (D:7)
  2 centaurs
  2 bullfrogs
  2 scorpions
  Dowan (D:5)
  A howler monkey (D:6)
  A bullfrog skeleton (D:5)
  A jelly (D:5)
  3 orc priests
  6 orc wizards
  A gnoll shaman (D:7)
  2 iguanas
  7 worker ants
  A hound zombie (D:7)
  A hound skeleton (D:4)
  A worker ant zombie (D:7)
  4 adders
  10 gnolls
  A shadow imp (D:8)
  A white imp (D:7)
  3 ufetubi
  2 adder skeletons
  An adder zombie (D:7)
  3 worms
  2 dart slugs (D:1)
  6 leopard geckos
  30 orcs
  8 bats
  2 giant cockroaches
  15 goblins
  9 hobgoblins
  11 jackals
  8 kobolds
  2 quokkas
  2 ball pythons
  2 frilled lizards
  A jackal skeleton (D:5)
  A jackal zombie (D:7)
  A quokka zombie (D:6)
  13 rats
  A spectral orc (D:5)
179 creatures vanquished.

Vanquished Creatures (others)
  A hound (D:8)
1 creature vanquished.

Grand Total: 180 creatures vanquished

Notes
Turn   | Place    | Note
-------+----------+-------------------------------------------
     0 | D:1      | jejorda2 the Minotaur Berserker began the quest for the
                  | Orb.
     0 | D:1      | Reached XP level 1. HP: 19/19 MP: 0/0
   197 | D:1      | Reached skill level 4 in Axes
   200 | D:1      | Reached XP level 2. HP: 25/27 MP: 1/1
   272 | D:1      | Reached XP level 3. HP: 13/33 MP: 2/2
   306 | D:1      | Reached ** piety under Trog
  1136 | D:2      | Reached skill level 5 in Axes
  1136 | D:2      | Reached XP level 4. HP: 40/40 MP: 3/3
  1425 | D:2      | Reached *** piety under Trog
  2198 | D:4      | Reached XP level 5. HP: 47/47 MP: 4/4
  2446 | D:4      | Reached skill level 6 in Axes
  2639 | D:4      | Reached skill level 5 in Fighting
  2726 | D:4      | Found a staircase to the Ecumenical Temple.
  3024 | D:5      | Entered Level 5 of the Dungeon
  3037 | D:5      | Reached XP level 6. HP: 49/56 MP: 5/5
  3118 | D:5      | Noticed Duvessa
  3136 | D:5      | Noticed Dowan
  3148 | D:5      | Killed Dowan
  3157 | D:5      | Killed Duvessa
  3157 | D:5      | Reached skill level 7 in Axes
  3423 | D:5      | Reached skill level 5 in Armour
  3423 | D:5      | Reached XP level 7. HP: 61/62 MP: 6/6
  3462 | D:5      | Reached **** piety under Trog
  3510 | D:5      | Reached skill level 8 in Axes
  3870 | D:5      | Found a basalt altar of Yredelemnul.
  4239 | D:6      | Reached skill level 9 in Axes
  4239 | D:6      | Reached XP level 8. HP: 70/70 MP: 7/7
  4599 | D:6      | Reached skill level 10 in Axes
  4882 | D:7      | Reached skill level 11 in Axes
  4990 | D:7      | Reached ***** piety under Trog
  5392 | D:7      | Reached skill level 1 in Evocations
  5592 | D:7      | Found an iron altar of Okawaru.
  6107 | D:8      | Reached XP level 9. HP: 45/75 MP: 8/8
  6118 | D:8      | Reached skill level 12 in Axes
  6126 | D:8      | HP: 1/75 [something (4)]
  6126 | D:8      | Slain by a sky beast

Illustrated notes

Levels and vault maps discovered:
D:1:      scummos_arrival_forest, layout_rooms
D:2:      layout_rooms
D:3:      layout_rooms
D:4:      layout_gridville, minmay_temple_entry_crystal_x
D:5:      layout_cave_pools, yredelemnul_forgotten_temple_becter, uniq_duvessa
D:6:      layout_loops_cross
D:7:      layout_basic, okawaru_altar_gauntlet_db
D:8:      layout_rooms, xom_teletrap_fun

Skill      XL: |  1  2  3  4  5  6  7  8  9 |
---------------+----------------------------+-----
Axes           | 4 5 6 7 9 11 12 | 12.1
Fighting       | 4 5 6 |  6.0
Armour         | 3 4 5 6 |  6.0
Evocations     | 2 |  2.5
Dodging        | |  2.1

Action                   |  1- 3 |  4- 6 |  7- 9 || total
-------------------------+-------+-------+-------++-------
Melee: Hand axe          |    67 |   161 |   260 ||   488
       Headbutt          |    13 |    30 |    53 ||    96
Invok: Berserk           |     2 |     1 |     3 ||     6
       Trog's Hand       |       |     1 |       ||     1
  Use: Scroll            |       |       |    13 ||    13
Armor: Animal skin       |     9 |       |       ||     9
       Ring mail         |     4 |    15 |       ||    19
       Plate armour      |       |    41 |   149 ||   190
       Troll leather arm |       |     1 |       ||     1
Dodge: Dodged            |    47 |    73 |    77 ||   197

Table legend: (Time is in decaauts)
 A = Elapsed time spent in this place.
 B = Non-inter-level travel time spent in this place.
 C = Inter-level travel time spent in this place.
 D = Time resting spent in this place.
 E = Time spent auto-exploring this place.
 F = Levels seen in this place.
 G = Mean time per level.
                   A        B        C        D        E       F      G
               +--------+--------+--------+--------+--------+-----+--------+
         Total |   6112 |   5794 |    318 |    127 |   4654 |   8 |  764.0 |
       Dungeon |   6112 |   5794 |    318 |    127 |   4654 |   8 |  764.0 |
               +--------+--------+--------+--------+--------+-----+--------+

Top non-repeatable levels by time:
     D:7: 1255 daAuts
     D:4: 962 daAuts
     D:5: 903 daAuts
     D:1: 840 daAuts
     D:2: 761 daAuts
     D:6: 760 daAuts
     D:3: 595 daAuts
     D:8: 33 daAuts
